 Dungeon Crawl Stone Soup version 0.25-a0-306-g3faca94 (webtiles) character file.

Game seed: 16239695852124696173, levelgen mode: deterministic

11 Birdy the Chiller (level 2, -3/27 HPs)
             Began as an Ogre Ice Elementalist on Dec 20, 2019.
             Killed from afar by a goblin (30 damage)
             ... with an exploding inner flame
             ... hexed by the player character
             ... on level 1 of the Dungeon.
             The game lasted 00:01:05 (356 turns).

Birdy the Chiller (Ogre Ice Elementalist)            Turns: 356, Time: 00:01:05

Health: -3/27      AC:  5    Str: 11    XL:     2   Next: 29%
Magic:  4/5        EV: 10    Int: 16    God:
Gold:   13         SH:  0    Dex:  9    Spells: 5/6 levels left

rFire    . . .     SeeInvis .   b - +0 hand axe (curse)
rCold    . . .     Gourm    .   (no shield)
rNeg     + . .     Faith    .   d - +1 robe {rN+}
rPois    .         Spirit   .   (helmet restricted)
rElec    .         Reflect  .   e - +0 cloak
rCorr    .         Harm     .   (gloves unavailable)
MR       .....                  (boots unavailable)
Stlth    +.........             (no amulet)
HPRegen  0.09/turn              (no ring)
MPRegen  0.09/turn              (no ring)

@: no status effects
A: large, unfitting armour, tough skin 1
a: no special abilities


You were on level 1 of the Dungeon.
You were not hungry.

You visited 1 branch of the dungeon, and saw 1 of its levels.

You collected 13 gold pieces.

Inventory:

Hand Weapons
 b - a cursed +0 hand axe (weapon)
Armour
 d - a +1 robe of positive energy (worn)
 e - a +0 cloak (worn)
Scrolls
 a - a scroll of immolation
 g - a scroll of magic mapping {unknown}
Potions
 f - a potion of magic
Comestibles
 c - 2 rations


   Skills:
 + Level 1.1 Fighting
 - Level 1.7 Dodging
 - Level 1.4 Stealth
 + Level 2.7 Spellcasting
 * Level 3.9 Ice Magic


You had 5 spell levels left.
You knew the following spells:

 Your Spells              Type           Power        Failure   Level  Hunger
a - Freeze                Ice            ##..         3%          1    #......

Your spell library contained the following spells:

 Spells                   Type           Power        Failure   Level  Hunger
 Ozocubu's Armour         Chrm/Ice       #.......     26%         3    ###....
 Hailstorm                Conj/Ice       #.......     65%         4    #####..
 Summon Ice Beast         Ice/Summ       #.......     65%         4    #####..


Dungeon Overview and Level Annotations

Branches:
Dungeon (1/15)

Altars:


Innate Abilities, Weirdness & Mutations

You are too large for most types of armour.
You have tough skin. (AC +1)


Message History

A goblin comes into view. It is wielding a +0 spear.
As you read the scroll labeled VUKUASHRECHO, it crumbles to dust.
The creatures around you are filled with an inner flame!
It was a scroll of immolation.
Casting: Freeze (safe; 3% risk of failure)
Confirm with . or Enter, or press ? or * to list all spells.
Aiming: Freeze (safe; 3% risk of failure)
Press: ? - help, Shift-Dir - straight line, f - goblin
Aim: a goblin, wielding a +0 spear (inner flame)
Okay, then.
Casting: Freeze (safe; 3% risk of failure)
Confirm with . or Enter, or press ? or * to list all spells.
Aiming: Freeze (safe; 3% risk of failure)
Press: ? - help, Shift-Dir - straight line, f - goblin
Aim: a goblin, wielding a +0 spear (inner flame)
You freeze the goblin.
The goblin explodes!
The fiery explosion engulfs you!!
Ouch! That really hurt!
You die...

.# .# ... #.#
#.#####
########..... ####
......§§§.#.# #...
#########@§.#.# #>##
............#)## #†#
#########..#...###.#
#.# #).........# #.#
#.##...########.#
#.###........##.#
#........###.##.##
########.###.##...
#..........


There were no monsters in sight!

Vanquished Creatures
  2 dart slugs (D:1)
  A giant cockroach (D:1)
  A goblin (D:1)
  2 hobgoblins (D:1)
  A bat (D:1)
7 creatures vanquished.

Notes
Turn   | Place    | Note
-------+----------+-------------------------------------------
     0 | D:1      | Birdy the Ogre Ice Elementalist began the quest for the
                  | Orb.
     0 | D:1      | Reached XP level 1. HP: 16/16 MP: 3/3
   200 | D:1      | Reached XP level 2. HP: 22/26 MP: 1/5
   315 | D:1      | Reached skill level 1 in Fighting
   356 | D:1      | Killed from afar by a goblin

Levels and vault maps discovered:
D:1:      dpeg_arrival_short_road, layout_loops_ring

Skill      XL: |  1  2 |
---------------+-------+-----
Fighting       | 1 |  1.1
Dodging        | |  1.7
Stealth        | |  1.4
Spellcasting   | |  2.7
Ice Magic      | |  3.9

Action                   || total
-------------------------++-------
Melee: Hand axe          ||     8
 Cast: Freeze            ||     9
  Use: Potion            ||     2
       Scroll            ||     1
Armor: Robe              ||     6
Dodge: Dodged            ||     9

Table legend:
 A = Non-vault XP
 B = Vault XP
 C = Vault XP percentage of total XP
 D = Non-vault monster count
 E = Vault monster count
 F = Vault count percentage of total count
                 A         B        C        D         E       F
            +---------+---------+-------+---------+---------+-------
      Total |      17 |       0 |   0.0 |       7 |       0 |   0.0
            +---------+---------+-------+---------+---------+-------
        D:1 |      17 |       0 |   0.0 |       7 |       0 |   0.0
            +---------+---------+-------+---------+---------+-------
